 Dungeon Crawl Stone Soup version 0.31.0-1-g2c135a008e (webtiles) character file.

Game seed: 12505919059515990863

54 qw the Shooter (level 4, 0/35 HPs)
             Began as a Djinni Hunter on Jan 23, 2024.
             Slain by a ribbon worm (5 damage)
             ... on level 2 of the Dungeon.
             The game lasted 00:00:04 (1075 turns).

qw the Shooter (Djinni Hunter)                      Turns: 1075, Time: 00:00:05

Health: 0/35       AC:  3    Str: 10    XL:     4   Next: 12%
Gold:   57         EV: 12    Int: 10    God:
                   SH:  0    Dex: 19

rFire   + + .        a - +0 shortbow
rCold   x . .        (shield currently unavailable)
rNeg    + . .        c - +0 leather armour
rPois   inf          (no helmet)
rElec   .            (no cloak)
rCorr   .            (no gloves)
SInv    .            (boots unavailable)
Will    .....        (no amulet)
Stlth   ++           d - ring of positive energy
HPRegen 0.25/turn    (no ring)
MPRegen 0.00/turn

%: infuse magic (-1 HP)
@: about to teleport, flying
A: sickness immunity, fire resistance 2, cold vulnerability 1, float, innate
caster, HP casting, extra vitality 1
a: no special abilities


You were on level 2 of the Dungeon.
You visited 1 branch of the dungeon, and saw 2 of its levels.

You collected 57 gold pieces.


Innate Abilities, Weirdness & Mutations

You are immune to sickness and miasma.
You are immune to poison.
Your flesh is very heat resistant. (rF++)
You are vulnerable to cold. (rC-)
You float through the air rather than walking.
You learn spells naturally, not from books.
Your magical power is your life essence.
You have superior vitality. (+4 MHP)


   Skills:
 - Level 3.0 Fighting
 - Level 4.0 Ranged Weapons
 + Level 2.3 Dodging
 - Level 0.7 Stealth


You knew the following spells:

 Your Spells              Type           Power      Damage    Failure   Level
a - Sandblast             Erth           0%         2d4       45%         1
Your spell library was empty.

Inventory:

Hand Weapons
 a - a +0 shortbow (weapon)
Armour
 c - a +0 leather armour (worn)
Jewellery
 d - a ring of positive energy (left hand)
Scrolls
 b - a scroll of fog {unknown}
 g - a scroll of acquirement {unknown}
 h - a scroll of blinking {unknown}
Potions
 e - a potion of curing

Dungeon Overview and Level Annotations

Branches:
Dungeon (2/15)

Altars:


Message History

You shoot an arrow. The arrow hits the goblin.
The goblin is moderately wounded.
The giant cockroach enters a dispersal trap!
The goblin blinks!
The ribbon worm blinks!
You blink.
The giant cockroach blinks!
The ribbon worm expels a string of sticky webbing.
The stream of webbing hits you but does no damage.
You are caught in a web!
The web tears apart.
You shoot an arrow.
The arrow barely misses the giant cockroach.
The ribbon worm expels a string of sticky webbing.
The stream of webbing hits you but does no damage.
You are caught in a web!
The web tears apart.
The giant cockroach barely misses you.
You shoot an arrow.
The arrow barely misses the giant cockroach.
The giant cockroach bites you but does no damage. x2
You shoot an arrow. The arrow barely misses the goblin.
The goblin hits you with a +0 club. The giant cockroach closely misses you.
You shoot an arrow. The arrow barely misses the goblin.
The goblin barely misses you. The giant cockroach closely misses you.
The ribbon worm bites you. The goblin hits you with a +0 club.
The giant cockroach bites you.
1073 ||| READING scroll of teleportation.
As you read the scroll of teleportation, it crumbles to dust.
You feel strangely unstable.
The ribbon worm expels a string of sticky webbing.
The stream of webbing hits you but does no damage.
You are caught in a web!
The giant cockroach bites you. The goblin hits you with a +0 club.
The web tears apart.
The giant cockroach completely misses you.
The goblin barely misses you.
The ribbon worm bites you but does no damage.
You shoot an arrow. The arrow barely misses the goblin.
The giant cockroach bites you but does no damage.
The goblin closely misses you. The ribbon worm bites you.
You die...

+...............+..
#....¤~#.#~~....#..
#......~.~......# #
#######.¤.~.######
#.#...#.#.....#
..$....#.....#
#....#.....#
##.Bw#.....#
#.%g@###'###
#........#
#..#.#^### ##...#.#
...##.# ..####. ###
## #### #..# ..#
#.##..#


You could see a ribbon worm, a giant cockroach and a goblin.

Vanquished Creatures
  A dart slug (D:2)
  4 ball pythons
  An endoplasm (D:1)
  3 giant cockroaches (D:1)
  6 goblins (D:1)
  2 hobgoblins (D:1)
  10 jackals
  3 kobolds (D:1)
  A quokka (D:1)
  5 bats
  7 rats
43 creatures vanquished.

Notes
Turn   | Place    | Note
-------+----------+-------------------------------------------
     0 | D:1      | qw the Djinni Hunter began the quest for the Orb.
     0 | D:1      | Reached XP level 1. HP: 18/18 MP: 0/0
     0 | D:1      | 0 ||| qw: Version: 0.3-a-134-g2ba4250
     0 | D:1      | 0 ||| qw: Game counter: 734
     0 | D:1      | 0 ||| qw: Melee chars always use a shield: true
     0 | D:1      | 0 ||| qw: God list: Okawaru
     0 | D:1      | 0 ||| qw: Allow faded altars: false
     0 | D:1      | 0 ||| qw: Do Orc after clearing Dungeon:15 true
     0 | D:1      | 0 ||| qw: Do second Lair branch before Depths: true
     0 | D:1      | 0 ||| qw: Lair rune preference: random
     0 | D:1      | 0 ||| qw: Goals: Normal
     0 | D:1      | 0 ||| PLANNING D:1-11
    52 | D:1      | Reached XP level 2. HP: 23/23 MP: 0/0
   107 | D:1      | You are sucked into a shaft and drop 1 floor!
   199 | D:2      | 199 ||| READING scroll labelled GAUNET NULOSES.
   200 | D:2      | 200 ||| READING scroll labelled DEATRE LAGUNACIWA.
   200 | D:2      | 200 ||| IDENTIFYING green potion
   201 | D:2      | 201 ||| DROPPING scroll of butterflies.
   202 | D:2      | 202 ||| DROPPING potion of lignification.
   234 | D:1      | Reached skill level 4 in Ranged Weapons
   234 | D:1      | Reached XP level 3. HP: 22/28 MP: 0/0
   234 | D:1      | Learned a level 1 spell: Sandblast
   843 | D:1      | 843 ||| UPGRADING to ring of positive energy.
   844 | D:1      | 844 ||| READING 2 scrolls of identify.
   844 | D:1      | 844 ||| IDENTIFYING murky sapphire potion
   845 | D:1      | 845 ||| READING scroll of identify.
   845 | D:1      | 845 ||| IDENTIFYING scroll labelled AXKUOR ORAOR
   856 | D:2      | 856 ||| STAIRDANCE
   860 | D:2      | 860 ||| STAIRDANCE
   864 | D:2      | 864 ||| STAIRDANCE
   974 | D:2      | Reached skill level 3 in Fighting
   974 | D:2      | Reached XP level 4. HP: 27/35 MP: 0/0
  1072 | D:2      | HP: 8/35 [goblin/+0 club (1)]
  1073 | D:2      | 1073 ||| READING scroll of teleportation.
  1075 | D:2      | Slain by a ribbon worm

Levels and vault maps discovered:
D:1:      lightli_arrival_lavapool, layout_loops_cross, serial_bayou_pond_d,
          minmay_ruptured
D:2:      layout_loops_ring, hellmonk_ecumenical_altar_lost_god,
          kennysheep_minor_cross, minmay_between

Skill      XL: |  1  2  3 |
---------------+----------+-----
Ranged Weapons | 4 |  4.0
Fighting       | 3 |  3.0
Dodging        | |  2.3
Stealth        | |  0.7

Action                     |  1- 3 |  4- 6 || total
---------------------------+-------+-------++-------
   Fire: Shortbow          |   100 |    28 ||   128
    Use: Scroll            |     4 |     1 ||     5
 Armour: Leather armour    |    33 |    25 ||    58
  Dodge: Dodged            |    44 |    18 ||    62

Table legend:
 A = Non-vault XP
 B = Vault XP
 C = Vault XP percentage of total XP
 D = Non-vault monster count
 E = Vault monster count
 F = Vault count percentage of total count
                 A         B        C        D         E       F
            +---------+---------+-------+---------+---------+-------
      Total |      69 |       9 |  11.5 |      38 |       5 |  11.6
            +---------+---------+-------+---------+---------+-------
        D:1 |      48 |       6 |  11.1 |      27 |       3 |  10.0
        D:2 |      21 |       3 |  12.5 |      11 |       2 |  15.4
            +---------+---------+-------+---------+---------+-------
